 Dungeon Crawl Stone Soup version 0.29-a0-393-g47a863cc1b (webtiles) character file.

Game seed: 4827264557777586282

218 sammy202020 the Skirmisher (level 5, 18/43 HPs)
             Began as a Demonspawn Berserker on May 11, 2022.
             Was a Believer of Trog.
             Quit the game on level 2 of the Dungeon.
             The game lasted 00:01:56 (1269 turns).

sammy202020 the Skirmisher (Demonspawn Berserker)   Turns: 1269, Time: 00:01:57

Health: 18/43      AC:  8    Str: 18    XL:     5   Next: 63%
Magic:  5/5        EV:  8    Int: 10    God:    Trog [**....]
Gold:   41         SH:  0    Dex: 12    Spells: 4/4 levels left

rFire   . . .      SeeInvis .   a - +0 hand axe
rCold   . . .      Faith    .   (no shield)
rNeg    . . .      Spirit   .   e - +0 chain mail
rPois   .          Reflect  .   (no helmet)
rElec   .          Harm     .   (no cloak)
rCorr   .          Rampage  .   (no gloves)
Will    .....                   (no boots)
Stlth   ..........              (no amulet)
HPRegen 0.14/turn               (no ring)
MPRegen 0.09/turn               (no ring)

@: on berserk cooldown, slowed, very slow
A: claws 1, demonic guardian 1
a: Renounce Religion, Berserk, Trog's Hand


You were on level 2 of the Dungeon.
You worshipped Trog.
Trog was pleased with you.
You visited 1 branch of the dungeon, and saw 2 of its levels.

You collected 41 gold pieces.

Inventory:

Hand Weapons
 a - a +0 hand axe (weapon)
Armour
 e - a +0 chain mail (worn)
Jewellery
 g - a ring of protection from fire
Scrolls
 c - a scroll of teleportation {unknown}
 d - a scroll of blinking {unknown}
 f - a scroll of identify {unknown}
Potions
 b - a potion of heal wounds {unknown}
 h - a potion of flight {unknown}


   Skills:
 * Level 4.3 Fighting
 * Level 4.0 Axes
 + Level 2.7 Armour
 + Level 2.7 Dodging


You had 4 spell levels left.
You didn't know any spells.
Your spell library was empty.

Dungeon Overview and Level Annotations

Branches:
Dungeon (2/15)

Altars:


Innate Abilities, Weirdness & Mutations

You have sharp fingernails.
A weak demonic guardian rushes to your aid.


Message History

You kill the giant cockroach!
Trog accepts your kill.
You slash the rat!
You kill the rat!
Trog accepts your kill. Something hits you.
You barely miss something. You punch something. You closely miss something.
You hear some strange, mumbled words.
A magic dart appears from out of thin air!
The magic dart hits you but does no damage.
You closely miss something. Something hits you but does no damage.
You barely miss something. You miss something.
You hear some strange, mumbled words.
Something tries to affect you, but you resist.
You miss something. You slash something! Something hits you!
You closely miss something. You closely miss something.
Something hits you but does no damage.
You hit something. You slash something! Trog accepts your kill.
Trog appreciates your killing of a magic user.
Reactivating autopickup.
You feel a bit more experienced.
You are no longer berserk.
You are exhausted.
You feel yourself slow down.
Your Fighting skill increases to level 4!
Your Axes skill increases to level 4!
You have reached level 4!
You feel stronger.
You have reached level 5!
Your demonic ancestry asserts itself...
Your fingernails lengthen.
h - a sedimented black potion
Things that are here:
a +0 scythe; a +0 robe Are you sure you want to abandon this character and quit the game? (Confirm with "yes".)

#......# #. #####......#
.. #. #..........###+#
...###. #...............
...... #...............
.###.##. #...............
....... #...............
#..... #.......@.......
##.##. #.....$†.........
#.... #.................
####.
#..................#####.
#....###'##.#### #.......
....#####.##....#
####.###
....##........#.# #......
.... #...#.....#.#
#...... ....
#.#.#.....#.####..#...


There were no monsters in sight!

Vanquished Creatures
  Sigmund (D:2)
  An adder (D:2)
  3 dart slugs (D:1)
  6 bats
  4 endoplasms
  A giant cockroach (D:2)
  A goblin (D:2)
  5 hobgoblins
  3 jackals (D:1)
  A kobold (D:1)
  3 quokkas (D:1)
  5 ball pythons
  2 frilled lizards
  7 rats
43 creatures vanquished.

Vanquished Creatures (collateral kills)
  A kobold (D:1)
1 creature vanquished.

Grand Total: 44 creatures vanquished

Notes
Turn   | Place    | Note
-------+----------+-------------------------------------------
     0 | D:1      | sammy202020 the Demonspawn Berserker began the quest for
                  | the Orb.
     0 | D:1      | Reached XP level 1. HP: 18/18 MP: 1/1
    62 | D:1      | Gained mutation: A weak demonic guardian rushes to your
                  | aid. [demonic ancestry]
    62 | D:1      | Reached XP level 2. HP: 24/24 MP: 2/2
   411 | D:1      | Reached XP level 3. HP: 26/29 MP: 3/3
   412 | D:1      | Reached ** piety under Trog
  1243 | D:2      | Noticed Sigmund
  1266 | D:2      | Killed Sigmund
  1267 | D:2      | Reached XP level 4. HP: 15/38 MP: 4/4
  1267 | D:2      | Gained mutation: You have sharp fingernails. [demonic
                  | ancestry]
  1267 | D:2      | Reached XP level 5. HP: 17/43 MP: 5/5
  1269 | D:2      | Quit the game

Illustrated notes

Levels and vault maps discovered:
D:1:      dpeg_arrival_windows_large_door, layout_basic
D:2:      kennysheep_the_goblin_king, layout_basic, grunt_ministairs_6,
          eino_tiny_chamber, uniq_sigmund

Skill      XL: |  1  2  3 |
---------------+----------+-----
Armour         | 2 |  2.7
Dodging        | 2 |  2.7
Axes           | 3 4 |  4.0
Fighting       | 4 |  4.3

Action                   |  1- 3 |  4- 6 || total
-------------------------+-------+-------++-------
Melee: Hand axe          |   131 |       ||   131
       Punch             |     1 |       ||     1
Invok: Berserk           |     1 |       ||     1
Armor: Animal skin       |     1 |       ||     1
       Ring mail         |    37 |       ||    37
       Chain mail        |    18 |       ||    18
Dodge: Dodged            |    80 |       ||    80

Table legend: (Time is in decaauts)
 A = Elapsed time spent in this place.
 B = Non-inter-level travel time spent in this place.
 C = Inter-level travel time spent in this place.
 D = Time resting spent in this place.
 E = Time spent auto-exploring this place.
 F = Levels seen in this place.
 G = Mean time per level.
                   A        B        C        D        E       F      G
               +--------+--------+--------+--------+--------+-----+--------+
         Total |   1283 |   1283 |      0 |      0 |    951 |   2 |  641.5 |
       Dungeon |   1283 |   1283 |      0 |      0 |    951 |   2 |  641.5 |
               +--------+--------+--------+--------+--------+-----+--------+

Top non-repeatable levels by time:
     D:1: 873 daAuts
     D:2: 409 daAuts
